 Dungeon Crawl Stone Soup version 0.21.1-1-g345015f (webtiles) character file.

121 Kagorn the Shield-Bearer (level 5, -3/41 HPs)
             Began as a Human Fighter on June 10, 2018.
             Slain by a gnoll (4 damage)
             ... on level 4 of the Dungeon.
             The game lasted 00:11:29 (1571 turns).

Kagorn the Shield-Bearer (Human Fighter)            Turns: 1571, Time: 00:11:32

Health: -3/41      AC: 20    Str: 16    XL:     5   Next: 26%
Magic:  5/5        EV:  5    Int:  8    God:
Gold:   61         SH: 10    Dex: 14    Spells: 4/4 levels left

rFire    . . .     SeeInvis .   d - +2 mace (protect)
rCold    . . .     Gourm    .   c - +1 shield
rNeg     . . .     Faith    .   j - +0 chain mail
rPois    .         Spirit   .   (no helmet)
rElec    .         Reflect  .   (no cloak)
rCorr    .         Harm     .   l - +2 pair of gloves
MR       .....                  k - +0 pair of boots
Stlth    ..........             (no amulet)
HPRegen  0.13/turn              (no ring)
MPRegen  0.09/turn              (no ring)

@: lethally poisoned (-3 -> -3), protection aura
A: no striking features
a: no special abilities


You were on level 4 of the Dungeon.
You were not hungry.

You visited 1 branch of the dungeon, and saw 4 of its levels.

You collected 61 gold pieces.

Inventory:

Hand Weapons
 a - a +0 long sword
 d - a +2 mace of protection (weapon)
Armour
 c - a +1 shield (worn)
 j - a +0 chain mail (worn)
 k - a +0 pair of boots (worn)
 l - a +2 pair of gloves (worn)
Scrolls
 e - 2 scrolls of identify
 i - 2 scrolls of remove curse
Comestibles
 f - 7 rations


   Skills:
 + Level 3.5 Fighting
 + Level 2.7 Long Blades
 + Level 3.5 Armour
 + Level 1.4 Dodging
 + Level 1.6 Stealth
 + Level 3.5 Shields


You had 4 spell levels left.
You didn't know any spells.

Dungeon Overview and Level Annotations

Branches:
Dungeon (4/15)
 Temple: D:4-7

Altars:


Message History

You feel sick. The bat barely misses you. The gnoll hits you!
* * * LOW HITPOINT WARNING * * *
The bat barely misses you. The bat hits you but does no damage.
There is a stone staircase leading down here.
You can't go up here!
The bat hits you but does no damage. The gnoll barely misses you.
The gnoll hits you.
* * * LOW HITPOINT WARNING * * *
You climb downwards.
Found 33 gold pieces.
Found a stone staircase leading up and a stone staircase leading down.
There is a stone staircase leading up here.
You hit the gnoll.
Your weapon exudes an aura of protection.
The gnoll is lightly wounded.
* * * LOW HITPOINT WARNING * * *
You feel sick.
The gnoll is no longer berserk.
You block the bat's attack. The bat hits you but does no damage.
The gnoll hits you but does no damage. x2
The bat hits you but does no damage. The gnoll hits you.
You die...

..$.#####
........##
...$.#..>#
......... #
#.........###.#
........#......
<..............
.......@#
##....ggb..#
#...####### #..
#. #


You could see 2 gnolls and a bat.

Vanquished Creatures
  Jessica (D:2)
  Terence (D:2)
  3 adders
  An ooze (D:2)
  A dart slug (D:2)
  3 leopard geckos
  A ball python (D:1)
  A bat (D:1)
  2 giant cockroaches (D:2)
  4 goblins
  4 hobgoblins
  6 kobolds
  2 quokkas (D:2)
  2 frilled lizards (D:2)
  2 rats (D:1)
34 creatures vanquished.

Notes
Turn   | Place    | Note
-------+----------+-------------------------------------------
     0 | D:1      | Kagorn the Human Fighter began the quest for the Orb.
     0 | D:1      | Reached XP level 1. HP: 18/18 MP: 1/1
   165 | D:1      | Reached XP level 2. HP: 20/24 MP: 2/2
   813 | D:2      | Reached XP level 3. HP: 27/29 MP: 3/3
   964 | D:2      | Noticed Terence
   974 | D:2      | Killed Terence
   974 | D:2      | Reached skill level 1 in Dodging
   974 | D:2      | Reached skill level 1 in Stealth
   974 | D:2      | Reached XP level 4. HP: 26/35 MP: 4/4
  1214 | D:2      | Noticed Jessica
  1219 | D:2      | Killed Jessica
  1219 | D:2      | Reached XP level 5. HP: 28/41 MP: 5/5
  1569 | D:3      | HP: 2/41 [gnoll (4)]
  1571 | D:4      | Slain by a gnoll

Skill      XL: |  1  2  3 |
---------------+----------+-----
Dodging        | 1 |  1.4
Stealth        | 1 |  1.6
Fighting       | |  3.5
Long Blades    | |  2.7
Armour         | |  3.5
Shields        | |  3.5

Action                   |  1- 3 |  4- 6 || total
-------------------------+-------+-------++-------
Melee: Long sword        |    63 |     6 ||    69
       Dagger            |    11 |       ||    11
       Mace              |       |    61 ||    61
  Use: Scroll            |     7 |     1 ||     8
       Potion            |     3 |     3 ||     6
  Eat: Chunk             |       |     1 ||     1
       Ration            |       |     1 ||     1
Armor: Scale mail        |    46 |     1 ||    47
       Chain mail        |       |    68 ||    68
       Skin              |       |    46 ||    46
Dodge: Dodged            |    23 |    29 ||    52
Block: Shield            |    52 |    69 ||   121
       Rpst.: Long sword |     7 |     1 ||     8
